Map: Frost LE

Players

TheoRy - Winner!

  • Race: Protoss Protoss
  • League: Master

Cereal

  • Race: Zerg Zerg
  • League: Master

Event: Clash of the Clanless

VOD

Have the link to the VOD?

Description

Time

  • Played on: Aug. 20, 2016, 12:36 p.m.
  • Length: 12:10
Show
View Real Time Build Order
Export as new Build Order

TheoRy Protoss - Winner!

Build Orders: 1 Gate Expand 

Get SALT Encoding   

  12  0:02  Probe (Chrono Boost)  
  13  0:12  Probe (Chrono Boost)  
  14  0:23  Probe (Chrono Boost)  
  14  0:27  Pylon  
  15  0:45  Probe (Chrono Boost)  
  16  0:51  Gateway  
  16  0:52  Assimilator  
  16  0:55  Probe (Chrono Boost)  
  17  1:06  Probe (Chrono Boost)  
  18  1:16  Probe (Chrono Boost)  
  19  1:28  Nexus  
  19  1:31  Probe (Chrono Boost)  
  20  1:39  Cybernetics Core  
  20  1:41  Probe (Chrono Boost)  
  20  1:45  Assimilator  
  21  1:52  Probe (Chrono Boost)  
  22  1:55  Pylon  
  22  2:02  Probe (Chrono Boost)  
  23  2:12  Adept  
  23  2:15  Probe (Chrono Boost)  
  26  2:16  Warp Gate  
  26  2:27  Probe (Chrono Boost)  
  27  2:33  Robotics Facility  
  27  2:37  Adept  
  27  2:39  Probe (Chrono Boost)  
  27  2:41  Probe (Chrono Boost)  
  31  2:52  Mothership Core (Chrono Boost)  
  31  2:53  Probe (Chrono Boost)  
  34  3:03  Probe (Chrono Boost)  
  35  3:11  Probe (Chrono Boost)  
  35  3:12  Sentry  
  38  3:14  Probe (Chrono Boost)  
  38  3:17  Gateway  
  39  3:21  Probe (Chrono Boost)  
  39  3:24  Probe (Chrono Boost)  
  41  3:30  Warp Prism  
  41  3:32  Probe (Chrono Boost)  
  44  3:35  Probe (Chrono Boost)  
  44  3:36  Pylon  
  45  3:42  Probe (Chrono Boost)  
  45  3:47  Gateway  
  46  3:53  Pylon  
  46  3:54  Probe x2 (Chrono Boost)  
  48  4:05  Probe x2 (Chrono Boost)  
  50  4:14  Observer  
  50  4:15  Probe x2 (Chrono Boost)  
  53  4:22  Pylon, Adept x2  
  57  4:25  Pylon  
  57  4:26  Probe x2 (Chrono Boost)  
  59  4:36  Probe x2 (Chrono Boost)  
  59  4:38  Nexus  
  61  4:46  Adept x2  
  61  4:47  Probe x2 (Chrono Boost), Sentry  
  61  4:50  Assimilator  
  69  4:57  Probe x2 (Chrono Boost)  
  69  4:59  Assimilator  
  71  5:02  Pylon  
  71  5:08  Probe (Chrono Boost)  
  71  5:09  Immortal  
  71  5:12  Twilight Council  
  76  5:14  Pylon  
  76  5:16  Pylon  
  76  5:30  Probe (Chrono Boost)  
  77  5:37  Probe (Chrono Boost)  
  77  5:38  Sentry x2  
  77  5:39  Stalker  
  77  5:42  Blink  
  82  5:46  Probe (Chrono Boost)  
  82  5:49  Probe (Chrono Boost)  
  84  5:52  Probe (Chrono Boost)  
  84  5:53  Gateway  
  84  5:55  Immortal  
  84  5:56  Probe (Chrono Boost)  
  90  5:58  Forge  
  90  6:02  Stalker x2  
  94  6:05  Sentry  
  94  6:11  Probe (Chrono Boost)  
  97  6:13  Probe (Chrono Boost)  
  97  6:15  Assimilator  
  97  6:17  Protoss Ground Weapons Level 1  
  98  6:18  Assimilator  
  98  6:21  Probe (Chrono Boost)  
  98  6:22  Pylon  
  98  6:23  Pylon  
  98  6:24  Gateway  
  98  6:25  Gateway  
  99  6:30  Probe (Chrono Boost)  
  101  6:33  Probe (Chrono Boost)  
  101  6:39  Probe (Chrono Boost)  
  102  7:00  Probe (Chrono Boost)  
  103  7:02  Stalker x4  
  103  7:03  Immortal, Probe (Chrono Boost)  
  117  7:08  Probe (Chrono Boost)  
  117  7:10  Probe (Chrono Boost)  
  117  7:12  Gateway  
  117  7:13  Gateway  
  117  7:15  Gateway  
  118  7:17  Pylon  
  118  7:18  Probe (Chrono Boost)  
  118  7:19  Pylon x2  
  119  7:23  Photon Cannon  
  119  7:25  Stalker  
  119  7:27  Stalker x3  
  127  7:30  Resonating Glaives  
  127  7:35  Stalker x2  
  131  7:40  Pylon  
  131  7:41  Probe (Chrono Boost)  
  131  7:43  Immortal  
  136  7:45  Pylon  
  136  7:54  Nexus  
  126  8:00  Probe (Chrono Boost)  
  126  8:01  Protoss Ground Weapons Level 2  
  126  8:04  Pylon  
  127  8:12  Stalker x4  
  127  8:22  Immortal  
  127  8:23  Probe (Chrono Boost)  
  132  8:27  Pylon  
  132  8:32  Robotics Facility  
  132  8:33  Pylon  
  132  8:35  Probe (Chrono Boost)  
  133  8:41  Stalker  
  133  8:42  Stalker x3  
  134  8:51  Stalker  
  134  8:52  Stalker  
  134  8:53  Stalker x2  
  142  9:03  Robotics Bay  
  142  9:06  Immortal  
  146  9:10  Probe (Chrono Boost), Photon Cannon  
  147  9:18  Stalker x4  
  155  9:26  Adept x2  
  155  9:27  Adept  
  161  9:34  Immortal  
  165  9:44  Sentry x2  
  165  9:45  Stalker x3  
  171  9:49  Disruptor  
  171  9:52  Probe (Chrono Boost), Stalker x2  
  181  10:04  Sentry  
  181  10:05  Sentry  
  185  10:08  Sentry  
  187  10:20  Disruptor  
  169  10:37  Stalker x3  
  169  10:41  Warp Prism  
  171  10:43  Probe (Chrono Boost)  
  171  10:44  Probe (Chrono Boost)  
  171  10:45  Gateway  
  175  10:50  Stalker x6  
  175  10:51  Probe (Chrono Boost)  
  185  10:57  Pylon  
  185  10:58  Probe (Chrono Boost), Pylon  
  185  11:00  Pylon, Assimilator  
  185  11:03  Templar Archives, Assimilator  
  186  11:10  Immortal  
  186  11:16  Nexus  
  186  11:17  Pylon  
  190  11:19  Pylon  
  187  11:25  Probe (Chrono Boost)  
  187  11:26  Disruptor  
  187  11:31  Stalker  
  187  11:32  Stalker x4  
  197  11:33  Stalker  
  188  12:03  Stalker x4  
  188  12:04  Stalker x5  
Show
View Real Time Build Order
Export as new Build Order

Cereal Zerg 

Build Orders: Hatch First 

Get SALT Encoding   

  12  0:00  Drone  
  13  0:13  Overlord  
  13  0:17  Drone  
  14  0:31  Drone x2  
  14  0:35  Drone  
  17  0:53  Hatchery  
  17  0:56  Drone  
  17  0:59  Drone  
  18  1:09  Extractor  
  17  1:14  Spawning Pool  
  16  1:22  Drone x2  
  18  1:30  Drone  
  19  1:39  Drone  
  20  1:56  Hatchery  
  19  2:01  Zergling x4  
  19  2:07  Queen  
  23  2:14  Metabolic Boost  
  23  2:18  Drone  
  24  2:24  Overlord  
  24  2:34  Drone x3  
  24  2:35  Drone  
  28  2:43  Drone  
  29  2:46  Queen  
  31  2:56  Drone  
  31  3:06  Zergling x6  
  31  3:08  Drone  
  31  3:09  Queen  
  31  3:12  Queen  
  39  3:18  Overlord  
  38  3:30  Drone x4  
  42  3:41  Overlord  
  42  3:42  Drone x6  
  48  3:55  Drone x2  
  49  3:56  Baneling Nest  
  48  4:09  Drone x6  
  54  4:13  Overlord  
  54  4:24  Zergling x4  
  54  4:25  Zergling x2  
  54  4:26  Overlord x3  
  54  4:28  Spine Crawler  
  54  4:31  Extractor  
  55  4:40  Zergling x12  
  61  4:53  Zergling x2  
  61  4:54  Zergling x10  
  66  5:03  Lair  
  65  5:15  Drone  
  65  5:16  Drone x10  
  76  5:21  Roach Warren  
  76  5:27  Overlord x2  
  72  5:33  Zergling x6  
  71  5:41  Drone x2  
  68  5:50  Drone x7  
  68  5:52  Extractor  
  68  5:53  Extractor  
  73  6:01  Glial Reconstitution, Drone x4  
  73  6:02  Centrifical Hooks  
  77  6:06  Extractor  
  77  6:08  Extractor  
  75  6:13  Zergling x8  
  79  6:22  Roach  
  79  6:23  Roach x6  
  79  6:24  Overlord x4  
  79  6:25  Hatchery  
  92  6:27  Overseer  
  92  6:31  Zergling x4  
  94  6:35  Zergling x2  
  95  6:41  Evolution Chamber  
  94  6:49  Baneling x5  
  94  6:50  Zergling x4, Baneling x2  
  94  6:51  Zergling x14  
  94  7:03  Drone x4  
  98  7:08  Ravager  
  98  7:09  Ravager x2  
  98  7:10  Zerg Missile Weapons Level 1  
  98  7:14  Drone  
  98  7:15  Overlord, Evolution Chamber, Drone  
  102  7:19  Roach  
  102  7:20  Roach x3  
  110  7:23  Ravager  
  110  7:24  Ravager x3  
  114  7:30  Roach x3  
  114  7:35  Roach  
  122  7:41  Queen  
  122  7:42  Overlord x3  
  122  7:43  Overlord x2  
  124  7:44  Roach x2  
  124  7:45  Roach x2  
  132  7:52  Spore Crawler  
  132  7:56  Roach x2  
  132  7:58  Overlord x3  
  135  8:11  Roach x6  
  146  8:16  Drone  
  146  8:17  Drone x8  
  152  8:23  Ravager  
  152  8:24  Ravager x6  
  152  8:26  Drone x2  
  156  8:31  Zerg Ground Armor Level 1  
  149  8:49  Roach x10  
  149  8:53  Ravager  
  149  8:54  Zergling x6  
  173  8:57  Spore Crawler, Extractor  
  173  8:58  Spine Crawler, Extractor  
  173  8:59  Queen  
  173  9:01  Zergling x4  
  173  9:11  Zergling x14  
  179  9:23  Zergling x8  
  177  9:27  Baneling x4  
  177  9:28  Zergling x2  
  178  9:32  Zergling x12  
  178  9:35  Zerg Missile Weapons Level 2  
  178  9:38  Zergling x8  
  186  9:45  Zergling x4  
  188  9:54  Spawning Pool  
  188  9:56  Spire  
  188  9:58  Roach x2  
  191  10:00  Overlord x4  
  191  10:01  Hatchery, Baneling x2  
  180  10:07  Roach x3  
  180  10:08  Baneling  
  180  10:09  Baneling x8  
  161  10:32  Roach x12  
  166  10:40  Roach  
  166  10:41  Roach x2  
  152  10:45  Zergling x2  
  152  10:47  Ravager x2  
  152  10:48  Ravager x2  
  152  10:49  Zergling x2  
  152  10:52  Zergling x2  
  152  10:53  Zergling x4  
  152  10:58  Overseer, Zergling x2  
  152  10:59  Overseer x2  
  152  11:00  Pneumatized Carapace  
  152  11:01  Zergling x2  
  152  11:02  Zergling x2  
  152  11:04  Zergling x2  
  156  11:06  Ravager x2  
  156  11:07  Ravager x2  
  156  11:10  Zergling x2  
  146  11:19  Zergling x18  
  146  11:23  Zergling x2  
  131  11:25  Zergling x2  
  131  11:30  Zergling x2  
  131  11:31  Zergling x2  
  132  11:36  Spine Crawler  
  132  11:37  Mutalisk x2, Spine Crawler  
  132  11:38  Spine Crawler x2  
  132  11:39  Mutalisk  
Tags
 
Add a new tag
Caveats
  • Supply blocks, unpowered buildings, or Contaminate may cause inaccurate times.
  • Supply counts are checked every 10 seconds.